 Dungeon Crawl Stone Soup version 0.30-a0-1114-gd936c97349 (webtiles) character file.

Game seed: 5109688915907866876

91 ragingrage the Gusty (level 4, -2/30 HPs)
             Began as a Demonspawn Air Elementalist on Apr 20, 2023.
             Was an Initiate of Vehumet.
             Slain by Pikel
             ... wielding a +0 whip of freezing
              (3 damage)
             ... on level 3 of the Dungeon.
             The game lasted 00:03:45 (3240 turns).

ragingrage the Gusty (Demonspawn Air Elementalist)  Turns: 3240, Time: 00:03:46

Health: -2/30      AC:  2    Str:  9    XL:     4   Next: 34%
Magic:  0/7        EV: 12    Int: 18    God:    Vehumet [......]
Gold:   186        SH:  0    Dex: 13    Spells: 1/7 levels left

rFire   . . .      SeeInvis .    f - +0 dagger
rCold   . . .      Faith    .    (no shield)
rNeg    . . .      Spirit   .    a - +0 robe
rPois   .          Reflect  .    (no helmet)
rElec   .          Rampage  .    (no cloak)
rCorr   .                        (no gloves)
Will    .....                    (no boots)
Stlth   ++                       (no amulet)
HPRegen 0.25/turn                (no ring)
MPRegen 0.10/turn                (no ring)

@: no status effects
A: foul stench 1, spiny 1
a: Renounce Religion


You were on level 3 of the Dungeon.
You worshipped Vehumet.
Vehumet was noncommittal.
You visited 1 branch of the dungeon, and saw 4 of its levels.

You collected 186 gold pieces.

Inventory:

Hand Weapons
 f - a +0 dagger (weapon)
Missiles
 o - 7 poisoned darts
Armour
 a - a +0 robe (worn)
 c - a +0 ring mail
Wands
 g - a wand of light (5)
Scrolls
 e - a scroll of enchant weapon {unknown}
 h - 3 scrolls of identify {unknown}
 k - a scroll of acquirement {unknown}
 l - a scroll of butterflies {unknown}
 p - a scroll of noise {unknown}
 q - 2 scrolls of amnesia {unknown}
Potions
 b - a potion of magic
 d - a potion of brilliance {unknown}
 i - 2 potions of attraction {unknown}
 j - a potion of haste {unknown}
 m - 2 potions of curing {unknown}
 n - a potion of might {unknown}


   Skills:
 - Level 1.7 Dodging
 - Level 2.0 Stealth
 + Level 2.1 Spellcasting
 - Level 3.0 Conjurations
 + Level 3.7 Air Magic


You had one spell level left.
You knew the following spells:

 Your Spells              Type           Power      Damage    Failure   Level
a - Shock                 Conj/Air       56%        1d6       4%          1
b - Static Discharge      Conj/Air       28%        2-4/arc   7%          2
c - Swiftness             Air            15%        N/A       12%         3

Your spell library contained the following spells:

 Spells                   Type           Power      Damage    Failure   Level
 Momentum Strike          Conj/Tloc      14%        3d8       14%         2
 Blink                    Tloc           2%         N/A       26%         2
 Lesser Beckoning         Tloc           2%         N/A       26%         2
 Airstrike                Air            7%         2d(2-18)  36%         4


Dungeon Overview and Level Annotations

Branches:
Dungeon (4/15)
 Temple: D:4-7

Altars:
Dithmenos
Hepliaklqana
Vehumet

Shops:
D:1 (

Annotations:
D:2 Sigmund
D:3 exclusion: 2 downstairs, Pikel


Innate Abilities, Weirdness & Mutations

You may rarely emit foul miasma when damaged in melee.
You are partially covered in sharp spines.


Message History

Pikel hits you with a +0 whip of freezing.
Pikel freezes you.
Aiming: Shock (safe; 4% risk of failure)
Aim: Pikel, wielding a +0 whip of freezing and wearing a +0 robe (moderately wounded, 64% to hit)
The zap hits Pikel.
The zap hits the lemure.
Pikel says, "Hell isn't that bad."
Pikel hits you with a +0 whip of freezing.
Pikel freezes you. Pikel barely misses you.
You climb upwards.
Level annotation: exclusion: 2 downstairs
There is a stone staircase leading down here.
Pikel hits you with a +0 whip of freezing.
Pikel freezes you.
You emit a cloud of foul miasma!
Pikel is engulfed in dark miasma.
Pikel is poisoned.
Pikel seems to slow down.
Pikel is no longer moving slowly.
Aiming: Shock (safe; 4% risk of failure)
Okay, then.
Aiming: Bolt of Light
Aim: Pikel, wielding a +0 whip of freezing and wearing a +0 robe (heavily wounded, poisoned, 64% to hit)
The bolt of light hits Pikel!
Pikel is blinded.
Pikel is struck by your spines. Pikel barely misses you.
Aiming: Shock (safe; 4% risk of failure)
The zap hits Pikel.
The zap hits Pikel but does no damage.
Pikel is struck by your spines.
Pikel hits you with a +0 whip of freezing.
Pikel freezes you.
* * * LOW HITPOINT WARNING * * *
Aiming: Shock (safe; 4% risk of failure)
The zap hits Pikel but does no damage.
The zap hits Pikel.
Pikel looks more healthy.
Pikel closely misses you.
Aiming: Shock (safe; 4% risk of failure)
The zap misses Pikel.
The zap hits Pikel but does no damage.
Pikel closely misses you.
You barely miss Pikel. Pikel closely misses you.
You hit Pikel but do no damage.
Pikel hits you with a +0 whip of freezing!
* * * LOW HITPOINT WARNING * * *
Pikel freezes you.
You die...

#### ...#########
...........############
.................>....#
.#.#######.##########.#
...# #.# #.# ####
#.##########.#
#.##...@K..#.# #####
#.##.#####.#.# ....#
#.##.# #.#.#
###.######.##.# #.#.#
...........##.# ###.#.#
###.###.#..##.# #>....#
# #.##.#...##.# #.....#
§##.....#..##.#
#.....###
§R####....)##.#
#.......#


You could see Pikel (blind).

Vanquished Creatures
  3 adders
  5 worms
  3 orcs (D:3)
  6 endoplasms
  A giant cockroach (D:4)
  2 goblins (D:3)
  3 hobgoblins
  3 jackals (D:2)
  6 ball pythons
  7 bats
  3 frilled lizards
  3 kobolds
  2 rats (D:1)
  A spectral kobold (D:1)
48 creatures vanquished.

Notes
Turn   | Place    | Note
-------+----------+-------------------------------------------
     0 | D:1      | ragingrage the Demonspawn Air Elementalist began the quest
                  | for the Orb.
     0 | D:1      | Reached XP level 1. HP: 13/13 MP: 3/3
    33 | D:1      | Found a faded altar of an unknown god.
    96 | D:1      | Found Moselar's Antique Weapon Emporium.
   553 | D:1      | Gained mutation: You are partially covered in sharp spines.
                  | [demonic ancestry]
   553 | D:1      | Reached XP level 2. HP: 19/19 MP: 1/5
   803 | D:2      | Noticed Sigmund
  1032 | D:2      | Gained mutation: You may rarely emit foul miasma when
                  | damaged in melee. [demonic ancestry]
  1032 | D:2      | Reached XP level 3. HP: 21/24 MP: 1/6
  1910 | D:3      | Found a radiant altar of Vehumet.
  1935 | D:3      | Became a worshipper of Vehumet
  2239 | D:3      | Reached XP level 4. HP: 30/30 MP: 4/7
  2242 | D:3      | Learned a level 2 spell: Static Discharge
  2246 | D:3      | Learned a level 3 spell: Swiftness
  2280 | D:3      | Found a shadowy altar of Dithmenos.
  2280 | D:3      | Found a hazy altar of Hepliaklqana.
  2283 | D:3      | Noticed a shadow
  3062 | D:4      | Noticed Pikel
  3062 | D:4      | Noticed a lemure
  3062 | D:4      | Noticed a lemure
  3062 | D:4      | Noticed a lemure
  3063 | D:4      | Noticed a lemure
  3240 | D:3      | HP: 1/30 [Pikel/+0 whip of freezing (9)]
  3240 | D:3      | Slain by Pikel

Illustrated notes

Levels and vault maps discovered:
D:1:      lightli_arrival_statue_moat, layout_basic, serial_shops,
          nicolae_diamond_shop, serial_aquarium, aquarium_bridge_long_separate
          [aquarium_subvault_window, aquarium_subvault_bridge,
          aquarium_subvault_bridge, aquarium_subvault_bridge,
          aquarium_subvault_bridge, aquarium_subvault_bridge],
          aquarium_window_1, aquarium_window_1, aquarium_window_corner,
          aquarium_view_2b, dreamdust_ecumenical_altar_drowned_temple
D:2:      layout_loops_cross, uniq_sigmund
D:3:      layout_loops_ring, riverfiend_overflow_shadow_ancestor,
          overflow_temple_1_default, minmay_hedge_maze, minmay_pentomino_pile
D:4:      layout_cave_pools, fedhas_altar_4, marbit_many_paths,
          minmay_strange_pillars, uniq_pikel

Skill      XL: |  1  2  3  4 |
---------------+-------------+-----
Air Magic      | 3 |  3.7
Conjurations   | 2 3 |  3.0
Stealth        | 2 |  2.0
Dodging        | |  1.7
Spellcasting   | |  2.1

Action                     |  1- 3 |  4- 6 || total
---------------------------+-------+-------++-------
  Melee: Unarmed           |     7 |       ||     7
         Dagger            |    17 |     3 ||    20
   Cast: Shock             |    77 |    40 ||   117
  Evoke: Wand              |       |     1 ||     1
   Stab: Sleeping          |     1 |       ||     1
 Armour: Robe              |     4 |       ||     4
  Dodge: Dodged            |    28 |     6 ||    34

Table legend: (Time is in decaauts)
 A = Elapsed time spent in this place.
 B = Non-inter-level travel time spent in this place.
 C = Inter-level travel time spent in this place.
 D = Time resting spent in this place.
 E = Time spent auto-exploring this place.
 F = Levels seen in this place.
 G = Mean time per level.
                   A        B        C        D        E       F      G
               +--------+--------+--------+--------+--------+-----+--------+
         Total |   3249 |   3023 |    226 |    458 |   2176 |   4 |  812.2 |
       Dungeon |   3249 |   3023 |    226 |    458 |   2176 |   4 |  812.2 |
               +--------+--------+--------+--------+--------+-----+--------+

Top non-repeatable levels by time:
     D:3: 1284 daAuts
     D:2: 1042 daAuts
     D:1: 801 daAuts
     D:4: 120 daAuts
